Map: Amygdala

Players

XKGhost

  • Race: Terran Terran
  • Spawn Location: 7:00

Zed - Winner!

  • Race: Protoss Protoss
  • League: Master
  • Spawn Location: 1:00

VOD

Have the link to the VOD?

Description

Time

  • Played on: March 6, 2025, 3:45 p.m.
  • Length: 3:04
Show
View Real Time Build Order
Export as new Build Order

XKGhost Terran 

Build Orders:  

Get SALT Encoding   

  12  0:00  SCV  
  13  0:15  Supply Depot  
  13  0:17  SCV  
  14  0:26  Refinery  
  14  0:33  Refinery  
  15  0:35  SCV  
  15  0:52  Barracks  
  15  1:22  SCV  
  16  1:27  Barracks  
  16  1:34  SCV  
  17  1:46  SCV  
  16  1:57  Marine  
  16  1:58  SCV  
  17  2:14  Marine  
  18  2:16  Marine  
  19  2:32  Marine  
Show
View Real Time Build Order
Export as new Build Order

Zed Protoss - Winner!

Build Orders: Cannon Rush 

Get SALT Encoding   

  12  0:01  Probe  
  13  0:14  Probe  
  13  0:16  Pylon  
  14  0:22  Probe  
  15  0:31  Probe  
  16  0:39  Forge  
  16  0:57  Pylon  
  16  1:02  Probe  
  17  1:16  Photon Cannon  
  17  1:18  Photon Cannon  
  17  1:50  Pylon  
  17  1:51  Photon Cannon  
  17  1:54  Pylon  
  17  2:10  Photon Cannon x2  
  17  2:11  Photon Cannon  
  17  2:16  Photon Cannon  
  17  2:26  Photon Cannon  
  17  3:00  Pylon  
  17  3:01  Pylon  
Tags
 
League
Master
Matchup
PvT
Spawn Locations
Cross Positions
Add a new tag
Caveats
  • Supply blocks, unpowered buildings, or Contaminate may cause inaccurate times.
  • Supply counts are checked every 10 seconds.